 Dungeon Crawl Stone Soup version 0.26.1-11-gd32895ea62 (webtiles) character file.

Game seed: 16024868280147399503

25 MrSixtyFour the Magician (level 2, -6/19 HPs)
             Began as a Demonspawn Hedge Wizard on June 29, 2021.
             Mangled by a worm (9 damage)
             ... on level 1 of the Dungeon.
             The game lasted 00:09:47 (1538 turns).

MrSixtyFour the Magician (Demonspawn Hedge Wizard)  Turns: 1538, Time: 00:09:48

Health: -6/19      AC:  2    Str: 10    XL:     2   Next: 86%
Magic:  2/6        EV: 12    Int: 15    God:
Gold:   52         SH:  0    Dex: 12    Spells: 7/8 levels left

rFire    . . .     SeeInvis .   a - +0 dagger
rCold    . . .     Faith    .   (no shield)
rNeg     . . .     Spirit   .   b - +0 robe
rPois    .         Reflect  .   c - +0 hat
rElec    .         Harm     .   (no cloak)
rCorr    .         Rampage  .   (no gloves)
Will     .....                  (no boots)
Stlth    ++........             (no amulet)
HPRegen  0.06/turn              (no ring)
MPRegen  0.10/turn              (no ring)

@: attractive
A: horns 1
a: no special abilities


You were on level 1 of the Dungeon.
You visited 1 branch of the dungeon, and saw 2 of its levels.

You collected 52 gold pieces.

Inventory:

Hand Weapons
 a - a +0 dagger (weapon)
 k - a +0 dagger
Missiles
 h - 17 stones
Armour
 b - a +0 robe (worn)
 c - a +0 hat (worn)
Jewellery
 f - an uncursed ring of willpower {unknown}
Scrolls
 e - a scroll of identify
 j - a scroll of fog
Potions
 d - a potion of mutation
 g - a potion of flight


   Skills:
 + Level 2.1 Dodging
 + Level 2.1 Stealth
 + Level 3.5 Spellcasting
 + Level 1.1 Conjurations
 + Level 1.0 Summonings
 + Level 0.8 Translocations


You had 7 spell levels left.
You knew the following spells:

 Your Spells              Type           Power        Failure   Level
a - Magic Dart            Conj           24%          12%         1

Your spell library contained the following spells:

 Spells                   Type           Power        Failure   Level
 Call Imp                 Summ           5%           19%         2
 Blink                    Tloc           N/A          21%         2
 Slow                     Hex            2%           28%         2
 Conjure Flame            Conj/Fire      4%           41%         3
 Mephitic Cloud           Conj/Pois/Air  3%           43%         3


Dungeon Overview and Level Annotations

Branches:
Dungeon (2/15)

Altars:


Innate Abilities, Weirdness & Mutations

You have a pair of small horns on your head.


Message History

The worm is heavily wounded.
You don't have enough magic to cast that spell.
It was a potion of attraction.
You feel attractive to monsters. The worm is pulled toward you!
The worm is pulled toward you! The worm is pulled toward you!
The worm is pulled toward you!
You hit the worm. Your headbutt misses the worm.
The worm is moderately wounded.
You hit the worm but do no damage.
The worm is moderately wounded.
The worm bites you.
* * * LOW HITPOINT WARNING * * *
You hit the worm.
The worm is moderately wounded.
You hit the worm but do no damage.
The worm is moderately wounded.
The worm bites you!
You die...

...########.....## #.......#
.........#.......# #.......#
.........#.......# #.......#
.........#...)...###.#######
..^...#####.....###..#
##.##..####.....###..#
.........#.......#..##
.####...............# .#
##.........w@.#.## ##
##................##########
####.......>.........##...'...#
..##.................##.#.#.#.#
................##.######.#.####
...................###.........#
.....................#.##...##.#
w.............########..#...#<.##
####.........## #####...####.


You could see a worm.

Vanquished Creatures
  A dart slug (D:1)
  A leopard gecko (D:1)
  2 bats (D:1)
  2 goblins (D:1)
  5 hobgoblins (D:1)
  2 frilled lizards (D:1)
  2 kobolds (D:1)
  8 rats (D:1)
23 creatures vanquished.

Notes
Turn   | Place    | Note
-------+----------+-------------------------------------------
     0 | D:1      | MrSixtyFour the Demonspawn Hedge Wizard began the quest for
                  | the Orb.
     0 | D:1      | Reached XP level 1. HP: 13/13 MP: 4/4
   162 | D:1      | Gained mutation: You have a pair of small horns on your
                  | head. [demonic ancestry]
   162 | D:1      | Reached XP level 2. HP: 19/19 MP: 0/6
  1538 | D:1      | Mangled by a worm

Illustrated notes

Levels and vault maps discovered:
D:1:      onia_arrival_mini_spirals, layout_rooms, minmay_misc_feat_ornament
D:2:      kennysheep_big_flooded_room, layout_rooms, serial_undead,
          serial_undead_e, serial_undead_e, serial_undead_a, serial_undead_a,
          serial_undead_b, serial_undead_d, uniq_crazy_yiuf_cottage,
          uniq_jessica, uniq_sigmund

Skill      XL: |  1  2 |
---------------+-------+-----
Dodging        | 2 |  2.1
Stealth        | 2 |  2.1
Spellcasting   | |  3.5
Conjurations   | |  1.1
Summonings     | |  1.0
Translocations | |  0.8

Action                   || total
-------------------------++-------
Melee: Dagger            ||    33
       Headbutt          ||     2
 Cast: Magic Dart        ||    47
  Use: Scroll            ||     2
       Potion            ||     2
 Stab: Sleeping          ||     2
Armor: Robe              ||     9
Dodge: Dodged            ||    21
